 Dungeon Crawl Stone Soup version 0.32-a0-42-ga30500b4d3 (webtiles) character file.

Game seed: 14553985493365304774

40749 anacleto the Brawler (level 13, 0/122 HPs)
             Began as a Troll Shapeshifter on Jan 28, 2024.
             Was a High Priest of Qazlal.
             Slain by a spectral orc knight
             ... wielding a +0 bardiche
             ... summoned by Nergalle
              (8 damage)
             ... while petrified by a basilisk
             ... on level 3 of the Lair of Beasts.
             The game lasted 01:02:47 (19089 turns).

anacleto the Brawler (Troll Shapeshifter)          Turns: 19089, Time: 01:02:48

Health: 0/122      AC: 16    Str: 35    XL:     13   Next: 76%
Magic:  15/15      EV:  1    Int:  6    God:    Qazlal [*****.]
Gold:   865        SH:  0    Dex:  9    Spells: 12/12 levels left

rFire   . .          .
                       - Unarmed
rCold   . . .        (no shield)
rNeg    + + +        D - +1 acid dragon scales
rPois   ∞            (helmet currently unavailable)
rElec   .            (cloak currently unavailable)
rCorr   +            (gloves unavailable)
SInv    .            (boots unavailable)
Will    .....        E - amulet of reflection
Stlth   +            v - +6 ring of strength
HPRegen 1.20/turn    I - +4 ring of protection
MPRegen 0.14/turn

%: repel missiles, reflection
@: beast-form, petrified, protected from physical damage
A: beast (slay +4), large, unfitting armour, claws 3, regeneration 1, shaggy fur
1, tough skin 1
a: Begin Untransformation, Renounce Religion, Upheaval, Elemental Force,
Disaster Area


You were on level 3 of the Lair of Beasts.
You worshipped Qazlal.
Qazlal was extremely pleased with you.
You were a hulking beast.
You visited 3 branches of the dungeon, and saw 19 of its levels.

You collected 1702 gold pieces.
You spent 837 gold pieces at shops.

Inventory:

Missiles
 k - 2 javelins
 p - 26 poisoned darts
 t - 8 boomerangs (quivered)
 u - a large rock
 y - 3 curare-tipped darts
Armour
 D - +1 acid dragon scales (worn)
Jewellery
 v - a +6 ring of strength (left claw)
 E - an amulet of reflection (around neck)
 H - a ring of poison resistance
 I - a +4 ring of protection (right claw)
 O - a ring of flight
Talismans
 c - a beast talisman (active)
 d - a flux talisman
Wands
 q - a wand of flame (30)
 r - a wand of paralysis (7)
 M - a wand of quicksilver (6)
Scrolls
 b - a scroll of torment
 h - 2 scrolls of amnesia
 i - 4 scrolls of vulnerability
 l - 5 scrolls of enchant weapon
 m - 5 scrolls of teleportation
 o - a scroll of fog
 w - a scroll of poison
 A - 6 scrolls of identify
 F - a scroll of immolation
 K - a scroll of enchant armour
 N - a scroll of fear
Potions
 a - a potion of might
 e - 6 potions of curing
 g - 2 potions of magic
 n - 3 potions of attraction
 s - a potion of haste
 x - a potion of mutation
 z - a potion of heal wounds
 B - a potion of enlightenment
 C - 2 potions of resistance
 G - a potion of berserk rage
 J - a potion of lignification
 L - a potion of cancellation {unknown}
Miscellaneous
 f - a condenser vane
 j - a phantom mirror


   Skills:
 - Level 6.3 Fighting
 - Level 6.4 Throwing
 - Level 6.4 Dodging
 + Level 18.6 Unarmed Combat
 - Level 4.6 Invocations
 - Level 10.3 Shapeshifting


You had 12 spell levels left.
You didn't know any spells.
Your spell library contained the following spells:

 Spells                   Type           Power      Damage    Failure   Level
 Sandblast                Erth           0%         2d4       50%         1
 Blink                    Tloc           0%         N/A       65%         2
 Ensorcelled Hibernation  Hex/Ice        0%         N/A       65%         2
 Lesser Beckoning         Tloc           0%         N/A       65%         2
 Momentum Strike          Conj/Tloc      0%         3d8       65%         2
 Passwall                 Erth           0%         N/A       86%         3
 Stone Arrow              Conj/Erth      0%         3d7       86%         3
 Summon Ice Beast         Ice/Summ       0%         N/A       86%         3
 Swiftness                Air            0%         N/A       86%         3
 Brom's Barrelling Bould  Conj/Erth      0%         2d3       99%         4
 Ignite Poison            Fire/Alch      0%         N/A       99%         4
 Sticky Flame             Fire/Alch      0%         2d4       99%         4
 Alistair's Intoxication  Alch           0%         N/A       100%        5
 Borgnjor's Vile Clutch   Necr/Erth      0%         N/A       100%        5
 Summon Mana Viper        Hex/Summ       0%         N/A       100%        5
 Eringya's Noxious Bog    Alch           0%         4d6       100%        6
 Monstrous Menagerie      Summ           0%         N/A       100%        7
 Ignition                 Fire           0%         3d3       100%        8
 Chain Lightning          Conj/Air       0%         N/A       100%        9
 Fire Storm               Conj/Fire      0%         5d1       100%        9
 Shatter                  Erth           0%         3d5*      100%        9


Dungeon Overview and Level Annotations

Branches:
Dungeon (14/15)            Temple (0/1) D:4            Lair (3/5) D:11
    Orc (2/2) D:9             Elf (0/3) Orc:2
  Swamp: Lair:2-3    Shoals: Lair:2-3     Snake: Lair:2-3    Spider: Lair:2-3
 Vaults: D:13-14

Altars:
Ashenzari
Cheibriados
Gozag
Kikubaaqudgha
Makhleb
Nemelex Xobeh
Okawaru
Qazlal
Ru
Trog
Vehumet
Wu Jian
Yredelemnul
Zin
The Shining One

Shops:
D:6 *   D:7 !   D:8 (=   D:9 !   D:10 *   Orc:1 (*?**   Orc:2 *(([

Annotations:
D:2 1 runed translucent door, Crazy Yiuf
D:8 exclusion: orange crystal statue
Lair:3 Nergalle


Innate Abilities, Weirdness & Mutations

You are a hulking beast.
Your limbs bulge with bestial killing power. (Slay +4)
You are immune to poison.
You are too large for most types of armour.
You have claws for hands.
Your natural rate of healing is unusually fast.
You are covered in fur. (AC +1)
You have tough skin. (AC +1)


Message History

The spectral orc warrior hits you but does no damage.
You hear the beating of a very distant drum.
Nergalle casts a spell at you.
Orcish apparitions take form around you.
The elephant tramples you but does no damage.
The elephant trunk-slaps you but does no damage.
The elephant tramples you!
* * * LOW HITPOINT WARNING * * *
You hold your ground!
The elephant trunk-slaps you but does no damage.
The basilisk is engulfed in freezing vapours.
The basilisk bites the bush but does no damage.
The spectral orc warrior hits you but does no damage.
The spectral orc knight hits you from afar with a +0 bardiche!
* * * LOW HITPOINT WARNING * * *
The eight-headed hydra is engulfed in blazing flames.
You kill the eight-headed hydra!
Qazlal accepts your kill. Nergalle casts a spell at you.
The bolt of negative energy hits you but does no damage.
You resist.
The bolt of negative energy hits the spectral orc warrior.
The spectral orc warrior completely resists.
The spectral orc knight hits you with a +0 great mace.
* * * LOW HITPOINT WARNING * * *
The elephant tramples you.
You feel more protected from physical attacks.
You hold your ground!
The elephant trunk-slaps you.
The elephant tramples you but does no damage.
The elephant trunk-slaps you but does no damage.
The basilisk is engulfed in freezing vapours.
The basilisk bites the bush!
The spectral orc warrior hits the plant with a +0 scimitar.
The plant begins to die.
The spectral orc warrior hits you with a +0 war axe.
* * * LOW HITPOINT WARNING * * *
The spectral orc knight is engulfed in a thunderstorm.
The spectral orc knight hits the bush with a +0 battleaxe!!
The spectral orc knight hits you from afar with a +0 bardiche!
You die...

.............[..#
.#......$.......
#....(.........
#..(P....##..##
....P......####
.#.........##
##....PlP..#
#....☼oP#Z.####
#..ZhYZ....#
#.°ZYY.###.#
##§.Z#Z#...
#..#.P.#.###
##.#.......#
#.#.#.#.#.# #
#...#..(
##......P#
.#......#


You could see 3 elephants, Nergalle, 3 spectral orc warriors, 3 spectral orc
knights and a basilisk.

Vanquished Creatures
  An ettin (Orc:2)
  A hydra (Lair:3)
  A centaur warrior (D:9)
  5 two-headed ogres
  A boulder beetle (D:12)
  An orc high priest (Orc:2)
  2 skeletal warriors (D:11)
  8 orc knights (Orc:2)
  An obsidian statue (D:8)
  A steelbarb worm (shapeshifter) (D:12)
  The ghost of Swimmer the Protected, a novice MiFi of Ru (D:6)
  A deep elf pyromancer (D:12)
  5 orc sorcerers (Orc:2)
  2 wolf spiders (Lair:1)
  2 ugly things
  A manticore (D:9)
  4 kobold blastminers (Orc:2)
  A black mamba (Lair:2)
  An elephant (Lair:3)
  2 gargoyles (D:11)
  An unseen horror (D:12)
  A cane toad (Lair:1)
  Jeremiah (D:8)
  Maggie (D:9)
  2 rime drakes
  A kobold demonologist (D:8)
  4 komodo dragons
  6 trolls
  4 polar bears
  7 saltlings (Orc:2)
  A hornet (D:9)
  7 blink frogs
  3 slime creatures
  Prince Ribbit (D:8)
  3 shadows
  Sigmund (D:2)
  3 wyverns
  2 vampires
  A water elemental (D:13)
  A basilisk (D:13)
  A wraith (D:10)
  21 yaks
  2 wargs (Orc:2)
  4 acid dragons
  5 water moccasins
  5 ice beasts
  A sky beast (D:7)
  A black bear (D:7)
  9 ogres
  17 orc warriors
  15 wolves
  4 centaurs
  2 kobold brigands (D:9)
  9 bullfrogs
  3 gnoll sergeants
  2 scorpions
  6 wights
  6 killer bees
  4 howler monkeys
  A jelly (D:5)
  2 hounds
  3 gnoll boudas
  13 orc priests
  4 sleepcaps
  Natasha (thrice) (D:2)
  Terence (D:2)
  7 iguanas
  19 orc wizards
  5 adders
  22 gnolls
  A shadow imp (D:7)
  2 white imps
  2 ufetubi (D:6)
  4 ribbon worms
  3 dart slugs
  54 orcs
  4 ball pythons
  5 bats
  11 endoplasms
  6 giant cockroaches
  3 goblins
  2 hobgoblins
  4 quokkas
  3 frilled lizards
  8 kobolds
  3 rats
405 creatures vanquished.

Vanquished Creatures (collateral kills)
  2 orc wizards (Orc:1)
  2 orcs
4 creatures vanquished.

Vanquished Creatures (others)
  A two-headed ogre (D:11)
  A skeletal warrior (D:11)
  An ugly thing (D:9)
  An acid dragon (D:11)
  An orc (Orc:2)
5 creatures vanquished.

Grand Total: 414 creatures vanquished

Notes
Turn   | Place    | Note
-------+----------+-------------------------------------------
     0 | D:1      | anacleto the Troll Shapeshifter began the quest for the
                  | Orb.
     0 | D:1      | Reached XP level 1. HP: 18/18 MP: 0/0
    68 | D:1      | Reached skill level 1 in Fighting
    96 | D:1      | Reached XP level 2. HP: 27/27 MP: 1/1
   245 | D:1      | Found a faded altar of an unknown god.
  1080 | D:2      | Noticed Sigmund
  1094 | D:2      | Killed Sigmund
  1095 | D:2      | Reached XP level 3. HP: 21/35 MP: 2/2
  1095 | D:2      | Reached XP level 4. HP: 25/42 MP: 3/3
  1095 | D:2      | Reached XP level 5. HP: 29/49 MP: 4/4
  1135 | D:2      | Noticed Natasha
  1425 | D:2      | Noticed Terence
  1432 | D:2      | Killed Terence
  1520 | D:2      | Killed Natasha
  1521 | D:2      | Reached skill level 4 in Unarmed Combat
  1583 | D:2      | Reached XP level 6. HP: 51/57 MP: 5/5
  1590 | D:2      | Noticed Natasha
  1603 | D:2      | Killed Natasha
  1800 | D:2      | Found a runed translucent door.
  1801 | D:2      | Noticed Crazy Yiuf
  2034 | D:2      | Noticed Natasha
  2038 | D:2      | Killed Natasha
  2279 | D:3      | Found a sparkling altar of Nemelex Xobeh.
  2344 | D:3      | Found a snail-covered altar of Cheibriados.
  2388 | D:3      | Found a bloodstained altar of Trog.
  2742 | D:3      | Found a burning altar of Makhleb.
  2814 | D:3      | Found a stormy altar of Qazlal.
  2822 | D:3      | Became a worshipper of Qazlal Stormbringer
  2988 | D:4      | Reached skill level 5 in Shapeshifting
  3073 | D:4      | Found a staircase to the Ecumenical Temple.
  3086 | D:4      | Reached skill level 1 in Throwing
  3086 | D:4      | Reached XP level 7. HP: 12/66 MP: 6/6
  3917 | D:4      | Found an opulent altar of Gozag.
  3937 | D:4      | Found a glowing silver altar of Zin.
  4016 | D:5      | Entered Level 5 of the Dungeon
  4244 | D:5      | Reached XP level 8. HP: 75/75 MP: 7/7
  4265 | D:5      | Reached skill level 5 in Unarmed Combat
  5163 | D:6      | Found Ribbyz Tilu's Overcharged Wands.
  5436 | D:5      | Reached XP level 9. HP: 55/84 MP: 8/8
  5556 | D:6      | Found a runed translucent door.
  5577 | D:6      | Reached * piety under Qazlal
  5850 | D:6      | Found a runed translucent door.
  5918 | D:6      | Noticed Swimmer's ghost (novice MiFi)
  6030 | D:6      | Reached skill level 6 in Unarmed Combat
  6243 | D:7      | Found a broken altar of Ashenzari.
  6292 | D:7      | Found a basalt altar of Yredelemnul.
  6578 | D:7      | Found Xosiosse's Distillery.
  6586 | D:7      | Bought a potion of heal wounds for 65 gold pieces
  6586 | D:7      | Bought a potion of haste for 130 gold pieces
  6586 | D:7      | Bought 2 potions of heal wounds for 130 gold pieces
  6671 | D:7      | Reached ** piety under Qazlal
  6746 | D:7      | Identified the +1 ring mail of Tyekhlur {+Inv rN+ rCorr
                  | Slay-5}
  7058 | D:8      | Found Warus's Jewellery Boutique.
  7170 | D:8      | Noticed an orange crystal statue
  7341 | D:8      | Found a radiant altar of Vehumet.
  7396 | D:8      | Noticed Jeremiah
  7409 | D:8      | Killed Jeremiah
  7410 | D:8      | Reached skill level 1 in Invocations
  7490 | D:8      | Noticed an obsidian statue
  7527 | D:8      | Found Qicafi's Weapon Boutique.
  7600 | D:8      | Noticed Prince Ribbit
  7603 | D:8      | Killed Prince Ribbit
  7604 | D:8      | Reached skill level 5 in Dodging
  7847 | D:8      | Reached XP level 10. HP: 53/94 MP: 10/10
  7900 | D:9      | Noticed a two-headed ogre
  8379 | D:9      | Reached skill level 5 in Fighting
  8634 | D:9      | Noticed a manticore
  8642 | D:9      | Killed a manticore
  8716 | D:9      | Found an ancient bone altar of Kikubaaqudgha.
  8724 | D:9      | Found Ygepaf's Distillery.
  8803 | D:9      | Noticed Maggie
  8809 | D:9      | Killed Maggie
  8822 | D:9      | Noticed a white ugly thing
  8823 | D:9      | Noticed a boulder beetle
  8856 | D:9      | Reached skill level 5 in Throwing
  8896 | D:10     | Entered Level 10 of the Dungeon
  9010 | D:10     | Reached skill level 7 in Unarmed Combat
  9089 | D:10     | Found an ornate altar of the Wu Jian Council.
  9392 | D:10     | Reached *** piety under Qazlal
  9465 | D:10     | Found Gohips's General Store.
  9586 | D:10     | Noticed a two-headed ogre
  9609 | D:10     | Killed a two-headed ogre
  9729 | D:10     | Found a glowing golden altar of the Shining One.
  9890 | D:11     | Noticed a gargoyle
  9929 | D:11     | Killed a gargoyle
 10083 | D:11     | Noticed a skeletal warrior
 10114 | D:9      | Found an iron altar of Okawaru.
 10126 | D:9      | Reached XP level 11. HP: 81/105 MP: 12/12
 10151 | D:9      | Found a staircase to the Orcish Mines.
 10297 | D:9      | Killed a two-headed ogre
 10592 | D:8      | Noticed a sun demon
 10682 | D:8      | Noticed a sun demon
 10683 | D:8      | Killed an obsidian statue
 10917 | D:9      | Reached skill level 10 in Shapeshifting
 10928 | D:9      | Noticed a two-headed ogre
 11038 | D:9      | Killed a two-headed ogre
 11039 | D:9      | Reached skill level 8 in Unarmed Combat
 11274 | D:9      | Noticed a green ugly thing
 11275 | D:9      | Noticed a centaur warrior
 11282 | D:9      | Killed a green ugly thing
 11290 | D:9      | Killed a centaur warrior
 11387 | D:9      | Reached **** piety under Qazlal
 11574 | D:9      | Found a sacrificial altar of Ru.
 12043 | D:11     | Noticed a skeletal warrior
 12051 | D:11     | Killed a skeletal warrior
 12069 | D:11     | Killed a skeletal warrior
 12070 | D:11     | Reached skill level 9 in Unarmed Combat
 12246 | D:11     | Noticed a skeletal warrior
 12275 | D:11     | Killed a skeletal warrior
 12390 | D:11     | Noticed a two-headed ogre
 12412 | D:11     | Killed a two-headed ogre
 12543 | D:11     | Reached skill level 10 in Unarmed Combat
 12659 | D:11     | Reached XP level 12. HP: 115/115 MP: 14/14
 12832 | D:11     | Reached skill level 11 in Unarmed Combat
 12856 | D:11     | Found a staircase to the Lair.
 13020 | D:11     | Reached skill level 12 in Unarmed Combat
 13403 | D:12     | Noticed a two-headed ogre
 13425 | D:11     | Killed a two-headed ogre
 13473 | D:12     | Reached skill level 13 in Unarmed Combat
 13500 | D:12     | You fall into a shaft and drop 2 floors!
 13570 | D:12     | Reached skill level 14 in Unarmed Combat
 13575 | D:12     | Noticed a boulder beetle
 13581 | D:12     | Killed a boulder beetle
 14280 | D:13     | Noticed a boulder beetle
 14366 | Orc:1    | Entered Level 1 of the Orcish Mines
 14376 | Orc:1    | Found Odeuttosyf's Weapon Emporium.
 14476 | Orc:1    | Reached skill level 15 in Unarmed Combat
 14528 | Orc:1    | Found Menawn's Assorted Antiques.
 14541 | Orc:1    | Found Hocemiho's Assorted Antiques.
 14828 | Orc:2    | Entered Level 2 of the Orcish Mines
 14941 | Orc:2    | Found a staircase to the Elven Halls.
 14953 | Orc:1    | Found Uczy's Assorted Antiques.
 14977 | Orc:1    | Bought a scroll of teleportation for 78 gold pieces
 14977 | Orc:1    | Bought a scroll of identify for 52 gold pieces
 14977 | Orc:1    | Bought a scroll of teleportation for 78 gold pieces
 14977 | Orc:1    | Bought a scroll of identify for 52 gold pieces
 15056 | Orc:1    | Found Juesoc's Magic Scroll Shop.
 15060 | Orc:1    | Bought a scroll of identify for 28 gold pieces
 15060 | Orc:1    | Bought a scroll of identify for 28 gold pieces
 15060 | Orc:1    | Bought a scroll of identify for 28 gold pieces
 15060 | Orc:1    | Bought a scroll of teleportation for 42 gold pieces
 15060 | Orc:1    | Bought a scroll of teleportation for 42 gold pieces
 15060 | Orc:1    | Bought 3 scrolls of identify for 84 gold pieces
 15363 | Orc:2    | Reached skill level 16 in Unarmed Combat
 15457 | Orc:2    | Reached XP level 13. HP: 115/122 MP: 15/15
 15591 | Orc:2    | Paralysed by an orc sorcerer for 4 turns
 15613 | Orc:2    | Reached ***** piety under Qazlal
 15672 | Orc:2    | Found Yxtas's Assorted Antiques.
 15705 | Orc:2    | Noticed an ettin
 15705 | Orc:2    | Found Arroelyt's Weapon Shoppe.
 15851 | Orc:2    | Reached skill level 17 in Unarmed Combat
 15860 | Orc:2    | Killed an ettin
 15968 | Orc:2    | Found Orhyah's Antique Weapon Shoppe.
 16022 | Orc:2    | Found Rinuajilao's Armour Shoppe.
 16862 | D:6      | Killed Swimmer's ghost
 17015 | Lair:1   | Entered Level 1 of the Lair of Beasts
 17231 | Lair:1   | Reached skill level 18 in Unarmed Combat
 19065 | Lair:3   | Noticed Nergalle
 19089 | Lair:3   | Slain by a spectral orc knight

Illustrated notes

Levels and vault maps discovered:
D:1:      psy_arrival_conway, layout_basic,
          shapermc_ecumenical_altar_totnotflames, nicolae_figureground_pulse
D:2:      layout_basic, dk_vineyard_3, uniq_terence, uniq_natasha,
          uniq_crazy_yiuf_cottage, uniq_sigmund
D:3:      layout_loops_cross, mainiacjoe_overflow_boulevard,
          mainiacjoe_overflow_catch_the_wave, lightli_temple_of_fire,
          nemelex_spade_bored_becter
D:4:      layout_loops_ring, nicolae_overflow_hidden_temple,
          kennysheep_little_box, temple_doors_cd
D:5:      layout_loops_corners, solitary_fountain
D:6:      layout_basic, ebering_ghost_sewer_f, nicolae_shop_overcharged_wands
D:7:      hellmonk_destroyed_diamonds, layout_loops_ring,
          nicolae_ashenzari_skybound, lemuel_doored_altar, serial_shops,
          nicolae_shop_stone
D:8:      minmay_separated_statues, layout_gridville, vehumet_crystals,
          serial_shops, shop, nicolae_square_shop, uniq_prince_ribbit1,
          uniq_jeremiah
D:9:      minmay_the_grid_octo_2x2 [minmay_the_grid_octo_checkered,
          minmay_the_grid_octo_horde, minmay_the_grid_octo_pinwheel,
          minmay_the_grid_octo_prize_single_spiral], layout_basic,
          mainiacjoe_overflow_alcove_1, nicolae_ru_path_of_blood,
          amcnicky_altar_gilded, kennysheep_orc_monster_closet_entryway,
          serial_shops, nicolae_shop_statue_plus, uniq_maggie
D:10:     layout_irregular_city, tso_oasis_becter,
          nicolae_overflow_crystal_walls, serial_shops, shop
D:11:     layout_long_grid, hellmonk_lair_entry_icy, lemuel_flame_loot_1
D:12:     layout_rooms, nrook_mini_vaults
D:13:     layout_rooms
D:14:     layout_basic, hellmonk_vaults_attempted_burglary, serial_shops,
          nicolae_shop_peninsula, nrook_campfire, uniq_jorgrun
Lair:1:   layout_hall_layers, nicolae_lair_run_with_the_wolves
Lair:2:   layout_layer_cave, infiniplex_staircase_pool_2, grunt_megastairs_3
Lair:3:   layout_roguey, nicolae_swamp_entry_spooky,
          spider_nest_entry_funnel_web, gauntlet_entry_generic,
          lemuel_fruit_tree, serial_bayou_shore_b, uniq_nergalle
Orc:1:    layout_caves, serial_shops, nicolae_shop_bloodbath_and_beyond,
          nicolae_shop_window_shopping, shop, nicolae_shop_rolled_up, shop
Orc:2:    hellmonk_orc_salted, layout_caves

Skill      XL: |  1  2  3  4  5  6  7  8  9 10 11 12 13 |
---------------+----------------------------------------+-----
Fighting       | 1 2 3 4 5 6 |  6.3
Dodging        | 2 3 4 5 6 |  6.4
Shapeshifting  | 4 5 7 8 9 10 | 10.3
Unarmed Combat | 4 5 6 7 10 16 18 | 18.6
Throwing       | 1 2 3 4 5 6 |  6.4
Invocations    | 1 3 4 |  4.6

Action                     |  1- 3 |  4- 6 |  7- 9 | 10-12 | 13-15 || total
---------------------------+-------+-------+-------+-------+-------++-------
  Melee: Unarmed           |    50 |    89 |   249 |   517 |   189 ||  1094
         Punch             |     2 |     3 |     6 |    30 |    18 ||    59
  Throw: Dart              |       |       |    11 |     7 |       ||    18
         Boomerang         |       |       |     9 |    13 |       ||    22
         Javelin           |       |       |     4 |     2 |       ||     6
         Large rock        |       |       |     1 |     8 |     1 ||    10
 Invoke: Elemental Force   |       |       |       |     3 |     1 ||     4
Ability: Begin Untransform |       |       |       |     1 |       ||     1
  Evoke: Wand              |       |       |     4 |     5 |       ||     9
    Use: Potion            |     1 |     1 |     5 |     5 |       ||    12
         Scroll            |       |     3 |       |    29 |     2 ||    34
   Stab: Paralysed         |       |       |     1 |     5 |       ||     6
 Armour: Animal skin       |    30 |    54 |   162 |    12 |       ||   258
         Skin              |     6 |       |       |     9 |       ||    15
         Acid dragon scale |       |       |       |   367 |   178 ||   545
  Dodge: Dodged            |    19 |    28 |    94 |   180 |    61 ||   382
         Repelled          |       |       |       |     4 |     1 ||     5
  Block: Other             |       |       |     3 |   181 |    64 ||   248
         Reflection        |       |       |       |     9 |     1 ||    10
   Form: Beast             |       |       |       |     1 |       ||     1

Table legend: (Time is in decaauts)
 A = Elapsed time spent in this place.
 B = Non-inter-level travel time spent in this place.
 C = Inter-level travel time spent in this place.
 D = Time resting spent in this place.
 E = Time spent auto-exploring this place.
 F = Levels seen in this place.
 G = Mean time per level.
                   A        B        C        D        E       F      G
               +--------+--------+--------+--------+--------+-----+--------+
         Total |  18897 |  17522 |   1375 |   2762 |   9238 |  19 |  994.6 |
       Dungeon |  14785 |  13539 |   1246 |   2362 |   7255 |  14 | 1056.1 |
          Lair |   2046 |   1989 |     57 |     92 |   1510 |   3 |  682.0 |
  Orcish Mines |   2065 |   1995 |     70 |    308 |    473 |   2 | 1032.5 |
               +--------+--------+--------+--------+--------+-----+--------+

Top non-repeatable levels by time:
     D:9: 1893 daAuts
     D:8: 1802 daAuts
    D:11: 1546 daAuts
   Orc:2: 1376 daAuts
     D:5: 1316 daAuts
    D:10: 1214 daAuts
     D:1: 1195 daAuts
     D:4: 1144 daAuts
     D:7: 1099 daAuts
  Lair:2: 1098 daAuts
     D:6: 1003 daAuts
     D:2: 998 daAuts
  Lair:1: 898 daAuts
     D:3: 817 daAuts
    D:12: 692 daAuts
